 Dungeon Crawl Stone Soup version 0.31-a0-331-geda263fcf1 (webtiles) character file.

Game seed: 12408545690480885124

22780 Newt the Cleaver (level 12, -2/91 HPs)
             Began as a Demonspawn Gladiator on July 19, 2023.
             Was a High Priest of Makhleb.
             Succumbed to a death drake's dark miasma
             ... in a Gauntlet.
             The game lasted 00:15:58 (13391 turns).

Newt the Cleaver (Demonspawn Gladiator)            Turns: 13391, Time: 00:15:59

Health: -2/91      AC: 23    Str: 19    XL:     12   Next: 66%
Magic:  9/19       EV: 14    Int:  5    God:    Makhleb [*****.]
Gold:   2115       SH:  0    Dex: 18    Spells: 11/11 levels left

rFire   + . .        D - +2 hand axe (elec)
rCold   + . .        (no shield)
rNeg    + + .        v - +6 plate armour of Wiurph {rElec rF+ rN++ Int-4}
rPois   .            c - +1 helmet
rElec   +            (no cloak)
rCorr   .            w - +1 pair of gloves "Ymiapt" {Dex+2}
SInv    .            (no boots)
Will    +....        r - amulet of the Skies Above {Spirit Will+} Stlth
                     y - +5 ring of evasion
HPRegen 0.35/turn    I - ring of protection from cold
MPRegen 0.16/turn

%: no teleportation, guardian spirit
@: lethally poisoned (-2 -> -80), slowed, very slow
A: slimy green scales 2, demonic guardian 3, powered by pain 2, demonic touch 1,
deformed body, subdued magic 1
a: Renounce Religion, Minor Destruction, Lesser Servant of Makhleb, Major
Destruction, Greater Servant of Makhleb


You were in a Gauntlet.
You worshipped Makhleb.
Makhleb was extremely pleased with you.
You visited 3 branches of the dungeon, and saw 14 of its levels.
You also visited: Ossuary and Gauntlet.

You collected 2115 gold pieces.

Inventory:

Hand Weapons
 a - a +0 rapier
 o - a +5 quarterstaff of chaos
 D - a +2 hand axe of electrocution (weapon)
 H - a +2 mace of holy wrath
 Q - a +4 war axe
Missiles
 d - a throwing net (quivered)
 e - 4 javelins
 i - 44 poisoned darts
 G - 3 boomerangs
Armour
 b - a +0 leather armour
 c - a +1 helmet (worn)
 p - a +0 cloak
 v - the +6 plate armour of Wiurph (worn) {rElec rF+ rN++ Int-4}
   (You found it on level 5 of the Dungeon)

   Int:       It affects your intelligence (-4).
   rF:        It protects you from fire.
   rElec:     It insulates you from electricity.
   rN:        It greatly protects you from negative energy.
 w - the +1 pair of gloves "Ymiapt" (worn) {Dex+2}
   (You found it on level 6 of the Dungeon)

   Dex:       It affects your dexterity (+2).
 O - a +0 troll leather armour
Jewellery
 k - an amulet of the acrobat
 r - the amulet of the Skies Above (around neck) {Spirit Will+}
   (You found it in a Gauntlet)

   [amulet of guardian spirit]

   It causes incoming damage to be divided between your reserves of health and
   magic.
   Will:      It increases your willpower.
 y - a +5 ring of evasion (left hand)
 I - a ring of protection from cold (right hand)
 U - a ring of see invisible
Talismans
 g - a beast talisman
Wands
 E - a wand of flame (16)
 F - a wand of paralysis (15)
 L - a wand of iceblast (3)
 M - a wand of light (2)
Scrolls
 h - 6 scrolls of noise
 m - a scroll of enchant armour
 t - 2 scrolls of fear
 A - a scroll of teleportation
 J - 2 scrolls of amnesia
 R - 2 scrolls of fog
Potions
 f - 9 potions of brilliance
 j - 3 potions of heal wounds
 l - a potion of invisibility
 n - 2 potions of resistance
 q - a potion of haste
 s - a potion of ambrosia
 u - 2 potions of lignification
 x - 2 potions of mutation
 z - 5 potions of curing
 B - 2 potions of degeneration
 C - 2 potions of attraction
 K - 5 potions of enlightenment
 N - a potion of cancellation
 P - a potion of might
Miscellaneous
 S - a phial of floods


   Skills:
 - Level 7.0 Fighting
 - Level 4.0 Short Blades
 + Level 10.4 Axes
 - Level 5.0 Staves
 - Level 1.7 Throwing
 - Level 10.0 Armour
 - Level 6.0 Dodging
 - Level 2.0 Stealth
 - Level 10.0 Invocations
 - Level 6.0 Evocations


You had 11 spell levels left.
You didn't know any spells.
Your spell library contained the following spells:

 Spells                   Type           Power      Damage    Failure   Level
 Blink                    Tloc           0%         N/A       100%        2
 Stone Arrow              Conj/Erth      0%         3d7       100%        3
 Animate Armour           Summ/Erth      0%         N/A       100%        4
 Fireball                 Conj/Fire      0%         3d3       100%        5
 Iskenderun's Battlesphe  Conj           0%         2d6       100%        5
 Conjure Ball Lightning   Conj/Air       0%         3x3d6     100%        6
 Orb of Destruction       Conj           0%         9d5       100%        7
 Lehudib's Crystal Spear  Conj/Erth      0%         10d2      100%        8


Dungeon Overview and Level Annotations

Branches:
Dungeon (10/15)            Temple (1/1) D:5            Lair (3/5) D:10
  Swamp (0/4) Lair:3        Snake (0/4) Lair:3      Ossuary (visited)
Gauntlet (1/1)
    Orc: D:9-12

Altars:
Ashenzari
Cheibriados
Dithmenos
Fedhas
Gozag
Hepliaklqana
Kikubaaqudgha
Makhleb
Nemelex Xobeh
Okawaru
Qazlal
Ru
Sif Muna
Trog
Uskayaw
Vehumet
Wu Jian
Xom
Yredelemnul

Shops:
D:3 (

Annotations:
D:8 3 runed translucent doors, AwFulAwFulPlayer's ghost, novice DrGl; HotCheetoh's ghost, novice DgFi; garrulousMonolith's ghost, novice OpSh Gauntlet 7 transporters, 2 runed translucent doors


Innate Abilities, Weirdness & Mutations

You are mostly covered in slimy green scales. (AC +3)
A powerful demonic guardian rushes to your aid.
You sometimes gain power by taking damage.
Your touch may inflict minor irresistible damage on your foes.
Armour fits poorly on your strangely shaped body.
Your spells are a little easier to cast, but a little less powerful.


Message History

You closely miss the death drake. You barely miss the death drake.
The death drake barely misses you.
Unknown command.
You barely miss the death drake. The death drake closely misses you.
Unknown command.
You miss the death drake. The death drake breathes miasma at you.
The foul vapour engulfs you!
You are poisoned.
You barely miss the death drake. Your touch misses the death drake.
You are engulfed in dark miasma.
You are more poisoned.
You feel yourself slow down.
You feel extremely sick.
The death drake bites you but does no damage.
Unknown command.
You hit the death drake.
Lightning courses through the death drake!
Your touch misses the death drake.
The death drake is lightly wounded.
You are engulfed in dark miasma.
You are lethally poisoned!
* * * LOW HITPOINT WARNING * * *
You feel extremely sick. The death drake closely misses you.
The death drake misses you.
Okay, then.
Aiming: Bolt of Light
Press: ? - help, Shift-Dir - straight line, f - death drake
Aim: a death drake (foul pestilence, lightly wounded, 60% to hit)
The bolt of light hits the death drake!
The death drake is moderately wounded.
The death drake is blinded.
The bolt of light hits the spectral centaur warrior!
The spectral centaur warrior is heavily damaged.
The spectral centaur warrior is blinded.
You are engulfed in dark miasma.
You are more poisoned.
You feel as though you will be slow longer.
* * * LOW HITPOINT WARNING * * *
You die...

###.#.#.######..+##$##.≈## ..#
©#.#.#.#©#©.©#..#©#.©#.## .8.#
.##.#©#.##.8.#..##+=##..##...#
.#.#.#.#.#...###..!###...#.8.#
.##.#.#.##.8.###J..###.∩.#...#
.#########...#########...#.©.#.#
.........#.8.....#.....8.#.....#
.#########...#########...#.©.#.#
.#..##.gx#.8.#Zk@3°°.#.∩.#...# #
.#.#g..###...#°###°#°#...#.8.#
.#.#.^#g.#.8.#..#.k°?#..##...#
©#..#©#/g#©.©##.#©#.©#.## .8.#
##..#^.#$######.^.#..#.≈##...#
.###...#.#...###.###)#.≈≈# 8.#
.#x..##..#.8.#..k....#.≈##
.#########...#########.##
.......................≈#


You could see a death drake (blind), a quicksilver ooze, a spectral centaur
warrior (blind, ally target) and a friendly sixfirhy (summoned).

Vanquished Creatures
  Fannar (Lair:3)
  2 hydras (Lair:1)
  A two-headed ogre (D:9)
  A boulder beetle (D:9)
  A black mamba (Lair:1)
  3 cane toads
  A rime drake (Lair:1)
  A komodo dragon (Lair:1)
  A spectral harpy (Gauntlet)
  Grinder (D:5)
  2 trolls (D:10)
  2 polar bears
  4 centaur simulacra (Gauntlet)
  33 yaks
  3 wyverns
  A wraith (D:9)
  A shadow (D:9)
  A vampire (D:9)
  2 steam dragons (D:8)
  3 chaos spawn (Gauntlet)
  A neqoxec (Gauntlet)
  Menkaure (D:5)
  An acid dragon (D:9)
  4 orc warriors
  7 water moccasins
  An ice beast (D:7)
  3 ogres
  2 black bears
  16 wolves
  3 centaurs
  A phantom (D:4)
  4 kobold brigands
  8 bullfrogs
  A gnoll sergeant (D:9)
  A cane toad simulacrum (Gauntlet)
  A scorpion (D:4)
  6 wights
  3 howler monkeys
  9 electric eels
  6 hounds
  A jelly (D:8)
  7 orc priests
  Crazy Yiuf (D:2)
  A gnoll bouda (D:4)
  2 sleepcaps
  Jessica (D:2)
  2 iguanas
  6 orc wizards
  8 mummies (Ossuary)
  8 gnolls
  3 adders
  A shadow imp (D:6)
  An ufetubus (D:4)
  4 dart slugs
  35 orcs
  8 endoplasms
  4 giant cockroaches
  4 goblins
  7 hobgoblins
  23 kobolds
  5 quokkas
  9 ball pythons
  13 bats
  7 frilled lizards
  4 hobgoblin zombies (Ossuary)
  A kobold zombie (Ossuary)
  3 orc zombies (Ossuary)
  A quokka zombie (D:7)
  10 rats (D:1)
  A rat zombie (D:7)
325 creatures vanquished.

Vanquished Creatures (collateral kills)
  The ghost of Newt the Carver, a journeyman BaFi of Hepliaklqana (Lair:1)
  Erica (D:9)
  Sonja (D:10)
  A spectral centaur (Gauntlet)
  9 yaks
  A wolf (Lair:1)
  A bullfrog (Lair:1)
  An orc (D:7)
16 creatures vanquished.

Grand Total: 341 creatures vanquished

Notes
Turn   | Place    | Note
-------+----------+-------------------------------------------
     0 | D:1      | Newt the Demonspawn Gladiator began the quest for the Orb.
     0 | D:1      | Reached XP level 1. HP: 16/16 MP: 1/1
   220 | D:1      | Gained mutation: A weak demonic guardian rushes to your
                  | aid. [demonic ancestry]
   220 | D:1      | Reached XP level 2. HP: 23/23 MP: 2/2
   541 | D:1      | Gained mutation: You sometimes gain a little power by
                  | taking damage. [demonic ancestry]
   541 | D:1      | Reached XP level 3. HP: 25/29 MP: 3/3
   773 | D:1      | Found a faded altar of an unknown god.
  1096 | D:2      | Found a runed translucent door.
  1097 | D:2      | Noticed Crazy Yiuf
  1288 | D:2      | Noticed Jessica
  1311 | D:2      | Killed Jessica
  1312 | D:2      | Gained mutation: You are partially covered in slimy green
                  | scales. (AC +2) [demonic ancestry]
  1312 | D:2      | Reached XP level 4. HP: 30/37 MP: 4/4
  1350 | D:2      | Got Jessica's Atlas of Relocation
  1803 | D:2      | Killed Crazy Yiuf
  2106 | D:3      | Found Tyim's Weapon Boutique.
  2747 | D:3      | Gained mutation: A demonic guardian rushes to your aid.
                  | [demonic ancestry]
  2747 | D:3      | Reached XP level 5. HP: 42/42 MP: 5/5
  3138 | D:4      | Reached skill level 1 in Staves
  3330 | D:4      | Noticed a phantom
  3340 | D:4      | Killed a phantom
  3341 | D:4      | Gained mutation: You are mostly covered in slimy green
                  | scales. (AC +3) [demonic ancestry]
  3341 | D:4      | Reached XP level 6. HP: 48/48 MP: 6/6
  3763 | D:5      | Entered Level 5 of the Dungeon
  3803 | D:5      | Found a staircase to the Ecumenical Temple.
  3824 | Temple   | Entered the Ecumenical Temple
  3842 | Temple   | Became a worshipper of Makhleb the Destroyer
  3873 | D:5      | Gained mutation: Your touch may inflict minor irresistible
                  | damage on your foes. [demonic ancestry]
  3873 | D:5      | Reached XP level 7. HP: 54/54 MP: 7/7
  3891 | D:5      | Noticed Menkaure
  3898 | D:5      | Killed Menkaure
  3899 | D:5      | Reached skill level 5 in Staves
  3937 | D:5      | Reached skill level 5 in Fighting
  3950 | D:5      | Noticed Grinder
  3967 | D:5      | Killed Grinder
  4318 | D:5      | Identified the +6 plate armour of Wiurph {rElec rF+ rN++
                  | Int-4}
  4526 | D:5      | Found a broken altar of Ashenzari.
  4526 | D:5      | Found a stormy altar of Qazlal.
  4527 | D:5      | Found a snail-covered altar of Cheibriados.
  4687 | D:6      | Reached XP level 8. HP: 61/65 MP: 8/8
  4978 | D:6      | Reached skill level 1 in Armour
  5073 | D:6      | Identified the +1 pair of gloves "Ymiapt" {Dex+2}
  5775 | D:6      | Found a shimmering blue altar of Sif Muna.
  5936 | D:7      | Found a sand-covered staircase.
  5958 | Ossuary  | Entered an ossuary
  6292 | D:7      | Reached skill level 5 in Armour
  6410 | D:7      | Reached * piety under Makhleb
  6466 | D:7      | Reached XP level 9. HP: 50/72 MP: 9/9
  6620 | D:7      | Reached skill level 1 in Axes
  6739 | D:7      | Identified the +0 dagger "Qoegemeamu" {heavy, *Noise rF+
                  | Dex+2 SInv}
  7582 | D:8      | Found a runed translucent gate.
  7582 | D:8      | Found a runed translucent gate.
  7582 | D:8      | Found a runed translucent gate.
  7583 | D:8      | Noticed AwFulAwFulPlayer's ghost (novice DrGl)
  7583 | D:8      | Noticed garrulousMonolith's ghost (novice OpSh)
  7583 | D:8      | Noticed HotCheetoh's ghost (novice DgFi)
  7629 | D:8      | Reached skill level 5 in Axes
  7728 | D:8      | Reached ** piety under Makhleb
  8292 | D:9      | Reached skill level 5 in Dodging
  8293 | D:9      | Gained mutation: You sometimes gain power by taking damage.
                  | [demonic ancestry]
  8293 | D:9      | Reached XP level 10. HP: 39/79 MP: 10/10
  8311 | D:9      | Reached skill level 1 in Evocations
  8627 | D:9      | Reached skill level 5 in Evocations
  9032 | D:9      | Noticed a two-headed ogre
  9041 | D:9      | Killed a two-headed ogre
  9070 | D:9      | Noticed a boulder beetle
  9090 | D:9      | Killed a boulder beetle
  9139 | D:9      | Reached *** piety under Makhleb
  9191 | D:9      | Noticed Erica
  9209 | D:9      | Killed Erica
  9481 | D:10     | Entered Level 10 of the Dungeon
  9539 | D:10     | Reached XP level 11. HP: 61/84 MP: 11/11
  9685 | D:10     | Found a snail-covered altar of Cheibriados.
  9688 | D:10     | Found a shimmering altar of Xom.
  9688 | D:10     | Found a sacrificial altar of Ru.
  9690 | D:10     | Found a sacrificial altar of Ru.
  9690 | D:10     | Found an opulent altar of Gozag.
  9845 | D:10     | Noticed Sonja
  9869 | D:10     | Killed Sonja
 10191 | D:10     | Found a staircase to the Lair.
 10731 | Lair:1   | Entered Level 1 of the Lair of Beasts
 10805 | Lair:1   | Reached skill level 10 in Axes
 11309 | Lair:1   | Found a runed translucent gate.
 11315 | Lair:1   | Found a runed translucent gate.
 11442 | Lair:1   | Reached **** piety under Makhleb
 11458 | Lair:1   | Identified a scroll of acquirement
 11458 | Lair:1   | Acquired 1188 gold pieces
 11593 | Lair:1   | You fall into a shaft and drop 1 floor!
 11611 | Lair:2   | Gained mutation: A powerful demonic guardian rushes to your
                  | aid. [demonic ancestry]
 11611 | Lair:2   | Reached XP level 12. HP: 86/91 MP: 12/12
 11617 | Lair:2   | Reached skill level 10 in Armour
 11659 | Lair:2   | Reached skill level 1 in Invocations
 11756 | Lair:1   | Found a runed translucent gate.
 11757 | Lair:1   | Noticed a nine-headed hydra
 12021 | Lair:1   | Noticed a 12-headed hydra
 12021 | Lair:1   | Noticed Newt's ghost (journeyman BaFi)
 12038 | Lair:1   | Killed a 15-headed hydra
 12047 | Lair:1   | Killed an 11-headed hydra
 12052 | Lair:1   | Killed Newt's ghost
 12053 | Lair:1   | Reached skill level 5 in Invocations
 12995 | Lair:3   | Found a gate leading to a gauntlet.
 12995 | Lair:3   | Noticed Fannar
 13015 | Lair:3   | Killed Fannar
 13021 | Gauntlet | Entered a Gauntlet
 13021 | Gauntlet | Found a transporter.
 13021 | Gauntlet | Found a transporter.
 13039 | Gauntlet | Found a transporter.
 13043 | Gauntlet | Found a transporter.
 13052 | Gauntlet | Found a transporter.
 13055 | Gauntlet | Found a transporter.
 13059 | Gauntlet | Found a runed translucent door.
 13061 | Gauntlet | Found a runed translucent door.
 13061 | Gauntlet | Noticed a quicksilver ooze
 13063 | Gauntlet | Found a transporter.
 13080 | Gauntlet | Found a transporter.
 13095 | Gauntlet | Found a transporter.
 13099 | Gauntlet | Found a transporter.
 13110 | Gauntlet | Found a transporter.
 13111 | Gauntlet | Found a transporter.
 13151 | Gauntlet | Gained mutation: Armour fits poorly on your strangely
                  | shaped body. [a neqoxec]
 13153 | Gauntlet | Gained mutation: Your spells are a little easier to cast,
                  | but a little less powerful. [a neqoxec]
 13171 | Gauntlet | Identified the amulet of the Skies Above {Spirit Will+}
 13350 | Gauntlet | Reached skill level 10 in Invocations
 13353 | Gauntlet | Reached ***** piety under Makhleb
 13375 | Gauntlet | Identified the ring "Osum" {rN+ Str+6 Int+2}
 13391 | Gauntlet | Succumbed to a death drake's dark miasma

Illustrated notes

Levels and vault maps discovered:
D:1:      wander_arrival_peaceful_grave, layout_loops_ring,
          shapermc_ecumenical_altar_mp_highgroup,
          hangedman_decor_clover_reticule, minmay_rat_gold_closets
D:2:      layout_loops_ring, kennysheep_jessica_study, uniq_crazy_yiuf_cottage
D:3:      layout_basic, serial_shops, nicolae_shop_peninsula
D:4:      layout_rooms
D:5:      layout_cave_pools, chequers_temple_overflow_statue_of_worship,
          minmay_temple_entry_tees, lemuel_flamethrower_2, uniq_grinder,
          uniq_menkaure
D:6:      layout_layer_cave, lemuel_blue_sif_altar, serial_bayou,
          serial_bayou_ford_a, serial_bayou_pond_d, serial_bayou_lagoon_a,
          serial_bayou_lake_a, serial_bayou_pond_e
D:7:      layout_basic, serial_aquarium, aquarium_bridge_island_small
          [aquarium_subvault_small_water, aquarium_subvault_bridge,
          aquarium_subvault_bridge, aquarium_subvault_window,
          aquarium_subvault_bridge], aquarium_window_double,
          aquarium_window_fake, aquarium_view_2f, aquarium_pool_2,
          enter_ossuary_4
D:8:      layout_loops_corners, gammafunk_ghost_cemetery,
          nicolae_twisty_statue_hallways
D:9:      layout_rooms, amcnicky_altar_gilded, minmay_three_doors, uniq_erica
D:10:     layout_roguey, doesnt_xom_only_xom, erik_lair_island, uniq_sonja
Temple:   nicolae_temple_elliptical
Lair:1:   layout_regular_city, gammafunk_ghost_hydra_chop, serial_rivers,
          chequers_serial_rivers_micro_a, chequers_serial_rivers_large_b,
          chequers_serial_rivers_micro_c, chequers_serial_rivers_large_a,
          chequers_serial_rivers_small_a, chequers_serial_rivers_small_a
Lair:2:   layout_regular_city, serial_bayou_shore_b
Lair:3:   layout_roguey, nicolae_swamp_entry_spooky, nicolae_snake_entry_squirm,
          gauntlet_entry_generic, forest_entry_grove, lemuel_fruit_fields,
          serial_bayou_shore_b, serial_bayou_shore_b, uniq_fannar
Gauntlet: minmay_gauntlet_77_indecision [minmay_gauntlet_arena_77_two_lines,
          minmay_gauntlet_arena_77_mirror, minmay_gauntlet_arena_77_squiggly,
          minmay_gauntlet_arena_77_checkered,
          minmay_gauntlet_arena_77_broken_ladder,
          minmay_gauntlet_arena_77_cramped, dreamdust_gauntlet_exit_labyrinth]

Skill      XL: |  1  2  3  4  5  6  7  8  9 10 11 12 |
---------------+-------------------------------------+-----
Fighting       | 3 4 6 7 |  7.0
Short Blades   | 3 4 |  4.0
Stealth        | 2 |  2.0
Staves         | 2 4 5 |  5.0
Armour         | 6 9 10 | 10.0
Axes           | 6 8 10 | 10.4
Dodging        | 5 6 |  6.0
Evocations     | 6 |  6.0
Invocations    | 10 | 10.0
Throwing       | |  1.7

Action                     |  1- 3 |  4- 6 |  7- 9 | 10-12 || total
---------------------------+-------+-------+-------+-------++-------
  Melee: Rapier            |   159 |    46 |       |       ||   205
         Punch             |     2 |     1 |       |     9 ||    12
         Quarterstaff      |       |    96 |   254 |       ||   350
         Hand axe          |       |       |    64 |   487 ||   551
         Touch             |       |       |    10 |   102 ||   112
  Throw: Throwing net      |       |     2 |       |     2 ||     4
  Evoke: Wand              |       |       |       |    13 ||    13
    Use: Scroll            |     2 |    10 |     6 |     9 ||    27
         Potion            |       |       |       |     6 ||     6
   Stab: Sleeping          |     2 |     1 |       |       ||     3
         Distracted        |       |     1 |     1 |     1 ||     3
         Paralysed         |       |       |     1 |       ||     1
         Invisible         |       |       |       |     3 ||     3
 Armour: Leather armour    |    56 |    54 |       |       ||   110
         Plate armour      |       |       |   230 |   354 ||   584
  Dodge: Dodged            |   109 |   110 |   183 |   558 ||   960

Table legend: (Time is in decaauts)
 A = Elapsed time spent in this place.
 B = Non-inter-level travel time spent in this place.
 C = Inter-level travel time spent in this place.
 D = Time resting spent in this place.
 E = Time spent auto-exploring this place.
 F = Levels seen in this place.
 G = Mean time per level.
                   A        B        C        D        E       F      G
               +--------+--------+--------+--------+--------+-----+--------+
         Total |  13509 |  13095 |    414 |   1864 |   9006 |  16 |  844.3 |
       Dungeon |  10541 |  10229 |    312 |   1594 |   6995 |  10 | 1054.1 |
        Temple |     36 |      1 |     35 |      0 |      0 |   1 |   36.0 |
          Lair |   2265 |   2198 |     67 |    139 |   1688 |   3 |  755.0 |
       Ossuary |    306 |    306 |      0 |      0 |    222 |   1 |  306.0 |
      Gauntlet |    360 |    360 |      0 |    131 |    101 |   1 |  360.0 |
               +--------+--------+--------+--------+--------+-----+--------+

Top non-repeatable levels by time:
  Lair:1: 1339 daAuts
     D:6: 1338 daAuts
     D:3: 1263 daAuts
    D:10: 1246 daAuts
     D:8: 1221 daAuts
     D:9: 1066 daAuts
     D:7: 1003 daAuts
     D:1: 947 daAuts
     D:2: 937 daAuts
     D:5: 873 daAuts
  Lair:2: 837 daAuts
     D:4: 641 daAuts
Gauntlet: 360 daAuts
 Ossuary: 306 daAuts
  Lair:3: 88 daAuts
